 Dungeon Crawl Stone Soup version 0.17.1-1-g73c8601 (webtiles) character file.

12408 JustSomeDude the Grappler (level 11, -9/109 HPs)
             Began as a Troll Monk on Dec 23, 2015.
             Was an Initiate of Jiyva.
             Engulfed by a cloud of flame (23 damage)
             ... on level 1 of the Lair of Beasts.
             The game lasted 00:49:26 (8340 turns).

JustSomeDude the Grappler (Troll Monk)              Turns: 8340, Time: 00:49:27

Health: -9/109     AC:  5    Str: 27    XL:     11   Next: 62%
Magic:  15/15      EV: 14    Int:  2    God:    Jiyva [......]
Gold:   515        SH:  0    Dex: 14    Spells: 1 memorised, 7 levels left

rFire  . . .     SeeInvis +       - Unarmed
rCold  . . .     Clarity  .     a - +1 robe
rNeg   . . .     SustAt   .     (no shield)
rPois  .         Gourm    +     (helmet restricted)
rElec  .         Spirit   .     (no cloak)
rCorr  .         Warding  .     (gloves unavailable)
rMut   .         Stasis   .     (boots unavailable)
MR     .....                    (no amulet)
Stlth  ++........               (no ring)
                                (no ring)

@: mighty, about to teleport, very slightly contaminated, not resistant to
hostile enchantments, unstealthy
A: unfitting armour, claws 3, see invisible, deformed body, dopey 2, fast
metabolism 3, gourmand, regeneration 2, shaggy fur 1, tough skin 2
a: Renounce Religion


You were on level 1 of the Lair of Beasts.
You worshipped Jiyva.
Jiyva was noncommittal.
You were very hungry.

You visited 2 branches of the dungeon, and saw 11 of its levels.
You also visited: Bailey.

You collected 739 gold pieces.
You spent 182 gold pieces at shops.

Inventory:

Hand Weapons
 n - a +0 halberd
Missiles
 g - 65 tomahawks of returning (quivered)
 D - a tomahawk of dispersal
Armour
 a - a +1 robe (worn)
Jewellery
 d - an uncursed ring of poison resistance {unknown}
 h - an uncursed amulet of resist corrosion
 l - an uncursed ring of protection from fire {unknown}
 C - an uncursed ring of protection from magic {unknown}
Wands
 v - a wand of paralysis (6)
 y - a wand of frost (39)
Scrolls
 e - 2 scrolls of enchant weapon
 j - 2 scrolls of noise
 o - 9 scrolls of identify
 w - 3 scrolls of remove curse
 F - 2 scrolls of amnesia
 H - a scroll of magic mapping
Potions
 q - 5 potions of might
 r - 3 potions of magic
 t - a potion of curing
 z - a potion of mutation
 G - a potion of brilliance
 I - a potion of heal wounds
Books
 i - a book of Clouds

   Spells                             Type                      Level
   a - Mephitic Cloud                 Conjuration/Poison/Air       3
   b - Conjure Flame                  Conjuration/Fire             3
   c - Poisonous Cloud                Conjuration/Poison/Air       6
   d - Freezing Cloud                 Conjuration/Ice/Air          6
   e - Ring of Flames                 Charms/Fire                  7
 s - a book of Conjurations

   Spells                             Type                      Level
   a - Magic Dart                     Conjuration                  1
   b - Searing Ray                    Conjuration                  2
   c - Dazzling Spray                 Conjuration/Hexes            3
   d - Fulminant Prism                Conjuration/Hexes            4
   e - Iskenderun's Mystic Blast      Conjuration                  4
   f - Iskenderun's Battlesphere      Conjuration/Charms           5
 u - a book of Summonings

   Spells                             Type                      Level
   a - Recall                         Summoning/Translocation      3
   b - Aura of Abjuration             Summoning                    5
   c - Shadow Creatures               Summoning                    5
   d - Summon Demon                   Summoning                    5
   e - Summon Forest                  Summoning/Translocation      5
   f - Summon Mana Viper              Hexes/Summoning              5
Miscellaneous
 x - a plain deck of changes {drawn: 4}
 B - a stone of tremors
Comestibles
 b - 12 bread rations
 k - 2 slices of pizza
 m - 5 meat rations
 p - a fruit
 E - a beef jerky


   Skills:
 + Level 7.1 Fighting
 + Level 2.8 Throwing
 + Level 2.0 Armour
 + Level 8.5 Dodging
 - Level 3.3 Stealth
 + Level 10.4 Unarmed Combat
 * Level 0.9 Conjurations
 * Level 0.7 Fire Magic
   Level 6.9 Invocations
 + Level 1.9 Evocations


You had 7 spell levels left.
You knew the following spells:

 Your Spells              Type           Power        Failure   Level  Hunger
a - Conjure Flame         Conj/Fire      #.......     98%         3    ####...


Dungeon Overview and Level Annotations

Branches:
Dungeon (10/15)              Lair (1/8) D:10
 Temple: D:4-7          Orc: D:9-12

Altars:
Ashenzari
Dithmenos
Elyvilon
Fedhas
Nemelex Xobeh
Ru
Sif Muna
Trog
Vehumet
Xom
Jiyva

Shops:
D:5 *}   D:10 (


Innate Abilities, Weirdness & Mutations

You are too large for most types of armour.
You have claws for hands.
Your metabolism is lightning-fast.
You like to eat raw meat.
You heal very quickly.
You are covered in fur (AC +1).
You have very tough skin (AC +2).
You have supernaturally acute eyesight.
Armour fits poorly on your strangely shaped body.
You are very dopey. (Int -4)


Message History

You mangle the giant frog!! You claw the giant frog.
The giant frog explodes!
The fiery explosion engulfs you!
* * * LOW HITPOINT WARNING * * *
The fiery explosion engulfs the sheep.
The sheep explodes!
The fiery explosion engulfs the sheep.
The sheep explodes!
The fiery explosion engulfs the seven-headed hydra.
The seven-headed hydra is heavily wounded.
The fiery explosion engulfs the sheep.
The sheep explodes!
The fiery explosion engulfs the sheep.
The sheep explodes!
The fiery explosion engulfs the seven-headed hydra.
The seven-headed hydra is almost dead.
The fiery explosion engulfs the seven-headed hydra.
The seven-headed hydra explodes!
You are engulfed in roaring flames.
You die...

..........#.##.###♣≈≈#
............##...#
#♣##
...........[#######
.............###
.............#.#
..............##
............###
.^.........## ###
..........## #@##
.........## ##§###
.........# #§§§#.#
........## #§§§§##
.####...# ##§§§%.#
#..## #.%..%.# #...###
##..%..# ##.....##
#.%%.%## ####.......##
#......#


There were no monsters in sight!

Vanquished Creatures
  A hydra (Lair:1)
  A hill giant (D:10)
  Pikel (D:5)
  The ghost of Miyamura the Skirmisher, a novice VSMo of Zin (D:7)
  An orc knight (Bailey)
  A black mamba (Lair:1)
  Sigmund (D:5)
  A spriggan (D:7)
  The ghost of JustSomeDude the Sneak, an amateur FeMo of Dithmenos (D:4)
  Menkaure (D:5)
  Duvessa (D:7)
  3 water moccasins (Lair:1)
  2 ice beasts (D:7)
  2 ogres
  A wandering mushroom (D:10)
  2 sky beasts
  2 centaurs
  3 orc warriors
  A crocodile (Lair:1)
  2 big kobolds
  6 giant frogs
  Dowan (D:7)
  3 scorpions
  3 killer bees (D:8)
  2 crimson imps (D:7)
  A jelly (D:5)
  5 hounds
  5 orc wizards
  An iguana (D:10)
  4 orc priests
  15 worker ants
  6 sheep (Lair:1)
  A hound zombie (D:4)
  11 adders
  11 gnolls
  A shadow imp (D:10)
  3 oozes
  A worm (D:5)
  An adder zombie (D:7)
  6 giant geckos
  23 orcs
  2 ball pythons (D:2)
  3 giant cockroaches
  14 hobgoblins
  6 bats
  6 giant newts
  12 goblins
  22 jackals
  A jackal skeleton (D:4)
  28 kobolds
  6 quokkas
  9 rats
248 creatures vanquished.

Vanquished Creatures (collateral kills)
  Snorg (D:10)
  A water moccasin (D:7)
  An orc warrior (D:8)
  A phantom (D:9)
  4 jellies
  A crimson imp (D:7)
  A worker ant (D:10)
  An orc priest (D:7)
  An orc wizard (D:7)
  6 gnolls (Bailey)
  An adder skeleton (D:8)
  3 orcs
  A giant cockroach (D:7)
  6 hobgoblins (Bailey)
  A jackal (D:10)
  A kobold (Bailey)
31 creatures vanquished.

Vanquished Creatures (others)
  A jelly (D:10)
  A giant frog skeleton (D:7)
  3 wandering mushrooms
  2 kobolds (D:7)
  A fungus (Lair:1)
  78 toadstools
86 creatures vanquished.

Grand Total: 365 creatures vanquished

Notes
Turn   | Place    | Note
--------------------------------------------------------------
     0 | D:1      | JustSomeDude the Troll Monk began the quest for the Orb.
     0 | D:1      | Reached XP level 1. HP: 22/22 MP: 0/0
   435 | D:1      | Reached XP level 2. HP: 29/29 MP: 1/1
  1009 | D:2      | Reached XP level 3. HP: 36/36 MP: 2/2
  1202 | D:2      | Reached XP level 4. HP: 22/44 MP: 3/3
  1736 | D:3      | Reached skill level 5 in Unarmed Combat
  1736 | D:3      | Reached XP level 5. HP: 47/52 MP: 4/4
  1968 | D:3      | Found a blossoming altar of Fedhas.
  2360 | D:3      | Found a blossoming altar of Fedhas.
  2361 | D:3      | Found a sacrificial altar of Ru.
  2478 | D:3      | Became a worshipper of Fedhas Madash
  2478 | D:3      | Reached * piety under Fedhas
  2478 | D:3      | Reached ** piety under Fedhas
  2535 | D:4      | Noticed JustSomeDude's ghost (amateur FeMo)
  2551 | D:4      | Killed JustSomeDude's ghost
  2551 | D:4      | Reached skill level 1 in Invocations
  2551 | D:4      | Reached XP level 6. HP: 28/61 MP: 4/6
  2637 | D:4      | Noticed an ogre
  2664 | D:4      | Killed an ogre
  2664 | D:4      | Reached XP level 7. HP: 19/67 MP: 7/7
  2884 | D:4      | Reached skill level 6 in Unarmed Combat
  2946 | D:5      | Entered Level 5 of the Dungeon
  3081 | D:5      | Found Laskuh's General Store.
  3086 | D:5      | Bought a plain deck of changes for 182 gold pieces
  3180 | D:5      | Found a radiant altar of Vehumet.
  3312 | D:5      | Noticed Sigmund
  3323 | D:5      | Killed Sigmund
  3323 | D:5      | Reached skill level 5 in Dodging
  3323 | D:5      | Reached XP level 8. HP: 54/78 MP: 7/9
  3331 | D:5      | Found a white marble altar of Elyvilon.
  3413 | D:5      | Found Kumen's Gadget Emporium.
  3425 | D:5      | Noticed Menkaure
  3432 | D:5      | Killed Menkaure
  3437 | D:5      | Noticed Pikel
  3448 | D:5      | Killed Pikel
  3448 | D:5      | Reached skill level 7 in Unarmed Combat
  3819 | D:5      | Found a shimmering altar of Xom.
  3819 | D:5      | Found a deep blue altar of Sif Muna.
  3904 | D:6      | Found a shadowy altar of Dithmenos.
  4205 | D:6      | Reached skill level 5 in Fighting
  4328 | D:6      | Reached XP level 9. HP: 88/88 MP: 11/11
  4838 | D:7      | Noticed Miyamura's ghost (novice VSMo)
  4870 | D:7      | Killed Miyamura's ghost
  4870 | D:7      | Reached skill level 8 in Unarmed Combat
  4908 | D:7      | Noticed Dowan
  4909 | D:7      | Noticed Duvessa
  4927 | D:7      | Killed Duvessa
  4935 | D:7      | Killed Dowan
  5513 | D:8      | Found a sparkling altar of Nemelex Xobeh.
  5550 | D:8      | Found a shattered altar of Ashenzari.
  5800 | D:8      | HP: 3/89 [orc wizard/puff of flame (6)]
  5805 | D:8      | Reached skill level 5 in Invocations
  5806 | D:8      | Gained mutation: Armour fits poorly on your strangely shaped body. [potion of mutation]
  5806 | D:8      | Gained mutation: You are dopey. (Int -2) [potion of mutation]
  5806 | D:8      | Gained mutation: You are very dopey. (Int -4) [potion of mutation]
  6073 | D:9      | Reached *** piety under Fedhas
  6077 | D:9      | Found a flagged portal.
  6084 | Bailey   | Entered a bailey
  6285 | Bailey   | Noticed an orc knight
  6331 | Bailey   | Killed an orc knight
  6331 | Bailey   | Reached XP level 10. HP: 27/98 MP: 12/12
  6446 | D:9      | Reached skill level 9 in Unarmed Combat
  6451 | D:9      | Reached **** piety under Fedhas
  6511 | D:9      | Found a bloodstained altar of Trog.
  6806 | D:10     | Entered Level 10 of the Dungeon
  6807 | D:10     | Reached skill level 1 in Evocations
  6807 | D:10     | Reached XP level 11. HP: 104/107 MP: 14/14
  6902 | D:10     | Found Cieblos's Weapon Shoppe.
  6908 | D:10     | Reached skill level 10 in Unarmed Combat
  7007 | D:10     | Noticed a hill giant
  7018 | D:10     | Killed a hill giant
  7059 | D:10     | Noticed Snorg
  7102 | D:10     | Killed Snorg
  7380 | D:10     | Gained mutation: You have supernaturally acute eyesight. [potion of beneficial mutation]
  7383 | D:10     | Found a viscous altar of Jiyva.
  7403 | D:10     | Fell from the grace of Fedhas
  7403 | D:10     | Became a worshipper of Jiyva Jyeziu the Shapeless
  7503 | D:10     | Found a staircase to the Lair.
  7599 | Lair:1   | Entered Level 1 of the Lair of Beasts
  7801 | Lair:1   | Noticed a five-headed hydra
  7813 | Lair:1   | HP: 5/109 [seven-headed hydra (12)]
  7813 | Lair:1   | HP: 2/109 [seven-headed hydra (3)]
  7995 | Lair:1   | Learned a level 3 spell: Conjure Flame
  8340 | Lair:1   | Killed a seven-headed hydra
  8340 | Lair:1   | Engulfed by a cloud of flame

Action                   |  1- 3 |  4- 6 |  7- 9 | 10-12 || total
-------------------------+-------+-------+-------+-------++-------
Melee: Unarmed           |    75 |   135 |   323 |   152 ||   685
Throw: Tomahawk          |       |       |    11 |    10 ||    21
Invok: Evolution         |       |       |     2 |     2 ||     4
Evoke: Deck              |       |       |     1 |     3 ||     4
  Use: Potion            |       |     2 |    14 |    11 ||    27
       Scroll            |       |       |    13 |     8 ||    21
 Stab: Sleeping          |     1 |     3 |     6 |     1 ||    11
       Distracted        |       |     1 |       |       ||     1
       Invisible         |       |       |     6 |       ||     6
  Eat: Chunk             |    16 |    14 |    27 |    12 ||    69
       Meat ration       |       |       |     1 |       ||     1
